 Dungeon Crawl Stone Soup version 0.32-a0-933-ga8fa3634e4 (webtiles) character file.

Game seed: 13679197783748969071

1239 Meejax the Slasher (level 8, -3/60 HPs)
             Began as a Demonspawn Gladiator on Apr 14, 2024.
             Was an Initiate of Sif Muna.
             Slain by a gnoll
             ... wielding a +2 heavy spear
             ... led by a gnoll sergeant
              (7 damage)
             ... on level 5 of the Dungeon.
             The game lasted 00:07:09 (5013 turns).

Meejax the Slasher (Demonspawn Gladiator)           Turns: 5013, Time: 00:07:09

Health: -3/60      AC:  6    Str: 15    XL:     8   Next: 25%
Magic:  11/11      EV: 12    Int:  8    God:    Sif Muna [......]
Gold:   254        SH:  0    Dex: 17    Spells: 9/11 levels left

rFire   . . .        a - +0 long sword
rCold   . . .        (no shield)
rNeg    . . .        b - +0 leather armour
rPois   .            c - +0 helmet
rElec   .            i - +1 cloak
rCorr   .            (no gloves)
SInv    .            (no boots)
Will    .....        (no amulet)
Stlth   ++           (no ring)
HPRegen 0.30/turn    (no ring)
MPRegen 0.24/turn

%: no passive effects
@: lethally poisoned (-3 -> -10), invisible
A: demonic guardian 2, magic regeneration, weakness stinger 2
a: Renounce Religion


You were on level 5 of the Dungeon.
You worshipped Sif Muna.
Sif Muna was noncommittal.
You visited 2 branches of the dungeon, and saw 6 of its levels.

You collected 254 gold pieces.

Inventory:

Hand Weapons
 a - a +0 long sword (weapon)
Missiles
 e - a javelin
Armour
 b - a +0 leather armour (worn)
 c - a +0 helmet (worn)
 i - a +1 cloak (worn)
Jewellery
 v - a +6 ring of intelligence
Wands
 g - a wand of warping (8)
 p - a wand of paralysis (1)
Scrolls
 h - 4 scrolls of teleportation {unknown}
 k - 2 scrolls of blinking {unknown}
 l - a scroll of summoning {unknown}
 m - 2 scrolls of enchant weapon {unknown}
 n - 2 scrolls of revelation {unknown}
 o - 3 scrolls of identify
 q - a scroll of fog {unknown}
 r - a scroll of poison
 s - a scroll of immolation
 u - a scroll of torment {unknown}
Potions
 f - a potion of lignification


   Skills:
 + Level 4.0 Fighting
 + Level 6.2 Long Blades
 + Level 2.1 Throwing
 + Level 3.7 Armour
 + Level 3.8 Dodging
 + Level 2.8 Stealth
 * Level 2.1 Spellcasting
 + Level 0.2 Hexes
 + Level 0.1 Ice Magic


You had 9 spell levels left.
You knew the following spells:

 Your Spells              Type           Power      Damage    Failure   Level
a - Ensorcelled Hibernat  Hex/Ice        2%         N/A       52%         2

Your spell library contained the following spells:

 Spells                   Type           Power      Damage    Failure   Level
 Summon Small Mammal      Summ           0%         N/A       41%         1
 Inner Flame              Hex/Fire       1%         N/A       77%         3
 Call Canine Familiar     Summ           0%         N/A       78%         3
 Fugue of the Fallen      Necr           0%         N/A       78%         3
 Anguish                  Hex/Necr       0%         N/A       99%         4
 Summon Blazeheart Golem  Fire/Summ      0%         N/A       99%         4
 Irradiate                Conj/Alch      0%         3d11      100%        5
 Ignition                 Fire           0%         3d3       100%        8


Dungeon Overview and Level Annotations

Branches:
Dungeon (5/15)             Temple (1/1) D:4

Altars:
Ashenzari
Fedhas
Gozag
Kikubaaqudgha
Makhleb
Okawaru
Ru
Sif Muna
Trog
Vehumet
Yredelemnul

Shops:
D:2 ??   D:5 [


Innate Abilities, Weirdness & Mutations

A demonic guardian rushes to your aid.
You regenerate magic rapidly.
You have a tail ending in a sharp stinger.


Message History

The gnoll sergeant is severely wounded.
The gnoll struggles against the net.
The gnoll sergeant hits you with a +0 trident of venom.
You are poisoned.
The gnoll struggles against the net.
You hit the gnoll sergeant but do no damage.
The gnoll sergeant is severely wounded.
You feel very sick. The gnoll sergeant barely misses you.
The gnoll struggles against the net.
You closely miss the gnoll sergeant.
The gnoll sergeant is severely wounded.
You feel very sick. The gnoll sergeant barely misses you.
The gnoll struggles against the net.
The net rips apart, and the gnoll comes free!
You hit the gnoll sergeant.
The gnoll sergeant is almost dead.
You feel sick.
The gnoll sergeant hits you with a +0 trident of venom.
You are more poisoned.
The gnoll hits you from afar with a +2 heavy spear!
* * * LOW HITPOINT WARNING * * *
You hit the gnoll sergeant.
You kill the gnoll sergeant!
Sif Muna accepts your kill.
* * * LOW HITPOINT WARNING * * *
You feel very sick.
Your Fighting skill increases to level 4!
* * * LOW HITPOINT WARNING * * *
You feel very sick.
The gnoll hits you with a +2 heavy spear.
* * * LOW HITPOINT WARNING * * *
A demonic guardian appears!
Things that are here:
a +0 trident of venom; a +0 scale mail; a gnoll corpse It was a potion of invisibility.
You fade into invisibility!
* * * LOW HITPOINT WARNING * * *
You feel very sick.
The gnoll hits you with a +2 heavy spear!
You die...

.......'...#......#.....##.......
##.....#...#......#.....##.......
.#.....#...#......'..............
.###########......#..............
......##...#......#..............
...........#......'.....##.....##
...........#......#.....##.....##
...........#......###+####.......
.##.########....@.#..............
.##.####...#...g..4.....[........
........>..#......#.....#########
...........#......#.....##.....##
.....[.....#......#..............
...........#......#..............
#.########.#......#............##
..................##'#####.....##
..................#.....#####'###


You could see a gnoll (unable to see you, ally target) and a friendly rust devil
(summoned).

Vanquished Creatures
  Pikel (D:4)
  Sigmund (D:5)
  A phantom (D:5)
  A gnoll sergeant (D:5)
  A scorpion (D:4)
  A jelly (D:5)
  A bombardier beetle (D:5)
  A hound (D:5)
  A sleepcap (D:4)
  3 iguanas
  Ijyb (D:4)
  A gnoll (D:5)
  A ribbon worm (D:2)
  6 dart slugs
  3 orcs
  4 ball pythons
  5 endoplasms
  5 giant cockroaches
  10 goblins
  6 hobgoblins
  6 jackals
  3 quokkas
  5 bats
  4 frilled lizards
  5 kobolds
  2 rats (D:1)
79 creatures vanquished.

Vanquished Creatures (collateral kills)
  A hound (D:5)
  An iguana (D:5)
  6 gnolls (D:5)
  A jackal (D:3)
  A quokka (D:3)
10 creatures vanquished.

Grand Total: 89 creatures vanquished

Notes
Turn   | Place    | Note
-------+----------+-------------------------------------------
     0 | D:1      | Meejax the Demonspawn Gladiator began the quest for the
                  | Orb.
     0 | D:1      | Reached XP level 1. HP: 16/16 MP: 1/1
   177 | D:1      | Reached skill level 3 in Long Blades
   183 | D:1      | Gained mutation: You regenerate magic rapidly. [demonic
                  | ancestry]
   183 | D:1      | Reached XP level 2. HP: 19/22 MP: 2/2
   596 | D:1      | Gained mutation: A weak demonic guardian rushes to your
                  | aid. [demonic ancestry]
   596 | D:1      | Reached XP level 3. HP: 23/27 MP: 3/3
   843 | D:2      | Found a basalt altar of Yredelemnul.
   970 | D:2      | Found Plog's Magic Scroll Shoppe.
  1256 | D:2      | Found Feick's Magic Scroll Emporium.
  1636 | D:3      | Reached XP level 4. HP: 29/34 MP: 4/4
  2218 | D:4      | Noticed Pikel
  2219 | D:4      | Noticed a lemure
  2236 | D:4      | Noticed a lemure
  2240 | D:4      | Killed Pikel
  2241 | D:4      | Reached skill level 5 in Long Blades
  2241 | D:4      | Gained mutation: You have a small tail. [demonic ancestry]
  2241 | D:4      | Reached XP level 5. HP: 20/41 MP: 5/5
  2241 | D:4      | Reached XP level 6. HP: 23/47 MP: 6/6
  2241 | D:4      | Gained mutation: You have a tail ending in a sharp stinger.
                  | [demonic ancestry]
  2241 | D:4      | Reached XP level 7. HP: 26/52 MP: 7/7
  2403 | D:4      | Found a staircase to the Ecumenical Temple.
  2408 | Temple   | Entered the Ecumenical Temple
  2427 | Temple   | Became a worshipper of Sif Muna the Loreminder
  2693 | D:4      | Noticed Ijyb
  2700 | D:4      | Killed Ijyb
  2810 | D:4      | Found a radiant altar of Vehumet.
  3060 | D:4      | Learned a level 2 spell: Ensorcelled Hibernation
  3482 | D:5      | Entered Level 5 of the Dungeon
  3663 | D:5      | Reached skill level 1 in Spellcasting
  3964 | D:5      | Found Buloaff's Antique Armour Boutique.
  4053 | D:5      | Noticed Sigmund
  4067 | D:5      | Killed Sigmund
  4068 | D:5      | Reached skill level 6 in Long Blades
  4068 | D:5      | Gained mutation: A demonic guardian rushes to your aid.
                  | [demonic ancestry]
  4068 | D:5      | Reached XP level 8. HP: 52/60 MP: 10/10
  5013 | D:5      | Slain by a gnoll

Illustrated notes

Levels and vault maps discovered:
D:1:      dpeg_cavernosity, layout_rooms
D:2:      layout_basic, basic_altar, serial_shops, shop_statue,
          nicolae_shop_back_alley_shop, serial_bayou, serial_bayou_ford_a,
          serial_bayou_pond_d, serial_bayou_shore_a, serial_bayou_pond_d,
          minmay_misc_feat_rows
D:3:      layout_basic
D:4:      layout_loops_corners, fiery_altar_vehumet, temple_doors_e,
          amcnicky_mini_pool_small, uniq_pikel, uniq_ijyb
D:5:      layout_gridville, serial_shops, shop, uniq_sigmund
Temple:   nicolae_temple_bog_church

Skill      XL: |  1  2  3  4  5  6  7  8 |
---------------+-------------------------+-----
Long Blades    | 3 5 6 |  6.2
Throwing       | 2 |  2.1
Dodging        | 3 |  3.8
Fighting       | 3 4 |  4.0
Armour         | 2 3 |  3.7
Stealth        | 2 |  2.8
Spellcasting   | 1 2 |  2.1
Hexes          | |  0.2
Ice Magic      | |  0.1

Action                     |  1- 3 |  4- 6 |  7- 9 || total
---------------------------+-------+-------+-------++-------
  Melee: Long sword        |   142 |    33 |   132 ||   307
         Tailslap          |       |       |    18 ||    18
  Throw: Throwing net      |       |     1 |     5 ||     6
   Cast: Ensorcelled Hiber |       |       |     2 ||     2
    Use: Scroll            |     5 |       |       ||     5
         Potion            |       |     3 |     3 ||     6
   Stab: Sleeping          |     4 |     1 |     1 ||     6
 Armour: Leather armour    |    97 |    27 |    90 ||   214
  Dodge: Dodged            |    95 |    22 |    98 ||   215

Table legend: (Time is in decaauts)
 A = Elapsed time spent in this place.
 B = Non-inter-level travel time spent in this place.
 C = Inter-level travel time spent in this place.
 D = Time resting spent in this place.
 E = Time spent auto-exploring this place.
 F = Levels seen in this place.
 G = Mean time per level.
                   A        B        C        D        E       F      G
               +--------+--------+--------+--------+--------+-----+--------+
         Total |   5075 |   4874 |    201 |    643 |   3371 |   6 |  845.8 |
       Dungeon |   5042 |   4852 |    190 |    643 |   3371 |   5 | 1008.4 |
        Temple |     32 |     21 |     11 |      0 |      0 |   1 |   32.0 |
               +--------+--------+--------+--------+--------+-----+--------+

Top non-repeatable levels by time:
     D:5: 1527 daAuts
     D:4: 1266 daAuts
     D:1: 787 daAuts
     D:3: 750 daAuts
     D:2: 711 daAuts
  Temple: 32 daAuts
